 Dungeon Crawl Stone Soup version 0.14-a0-1817-gb992dfe (webtiles) character file.

4046 Jenx the Cleaver (level 9, -3/85 HPs)
             Began as a Minotaur Fighter on Jan 9, 2014.
             Was a Priest of Okawaru.
             Slain by a killer bee (5 damage)
             ... on Level 7 of the Dungeon.
             The game lasted 00:19:24 (6535 turns).

Jenx the Cleaver (Minotaur Fighter)                 Turns: 6535, Time: 00:19:24

HP  -3/85        AC 21     Str 23      XL: 9   Next: 93%
MP   6/6         EV  7     Int  5      God: Okawaru [***...]
Gold 298         SH  0     Dex 14      Spells:  0 memorised,  8 levels left

rFire  . . .     SeeInvis .     a - -1,+0 orc battleaxe
rCold  . . .     Clarity  .     A - +2 orc plate armour
rNeg   . . .     Conserve .     (no shield)
rPois  .         rCorr    .     (helmet restricted)
rElec  .         rRot     .     r - +0 elf cloak
SustAb . .       Spirit   .     u - +0 pair of gloves
rMut   .         Warding  .     (no boots)
Saprov . . .     Stasis   .     (no amulet)
                                (no ring)
                                G - +3 ring of strength

@: mildly poisoned, heroism, slightly resistant to hostile enchantments,
extremely unstealthy
A: retaliatory headbutt, horns 2
a: Heroism, Renounce Religion


You were on level 7 of the Dungeon.
You worshipped Okawaru.
Okawaru was most pleased with you.
You were not hungry.

You visited 2 branches of the dungeon, and saw 9 of its levels.

You collected 298 gold pieces.

Inventory:

Hand weapons
 a - a -1,+0 orcish battleaxe (weapon)
 t - a +2,+4 quarterstaff of chaos
 y - the +7,+7 Singing Sword
   (You found it on level 4 of the Dungeon)
Missiles
 i - 9 silver darts
 p - 24 poisoned needles
 D - 2 tomahawks (quivered)
Armour
 r - a +0 elven cloak (worn)
 u - a +0 pair of gloves (worn)
 A - a +2 orcish plate armour (worn)
 B - a +0 cloak
Magical devices
 g - a wand of polymorph (6)
 h - a wand of enslavement (15) {unknown}
 v - a wand of disintegration (0)
 H - a wand of polymorph (12)
Comestibles
 d - 3 bread rations
 l - a meat ration
Scrolls
 b - a scroll of recharging {unknown}
 e - a scroll of random uselessness {unknown}
 f - a scroll of identify
 o - a scroll of fear
 q - 3 scrolls of remove curse {unknown}
 w - a scroll of enchant armour {unknown}
 x - 3 scrolls of teleportation {unknown}
 E - 3 scrolls of fog {unknown}
Jewellery
 C - an uncursed amulet of stasis
 G - a +3 ring of strength (left hand)
Potions
 c - a potion of berserk rage {unknown}
 k - a potion of invisibility {unknown}
 s - a potion of might {unknown}
 z - 4 potions of agility {unknown}
 F - a potion of poison {unknown}
Books
 I - a book of Burglary

   Spells                             Type                      Level
   Apportation                        Translocation                1
   Swiftness                          Charms/Air                   2
   Passwall                           Transmutation/Earth          3
   Passage of Golubria                Translocation                4
   Lee's Rapid Deconstruction         Earth                        5
   Darkness                           Hexes                        7
 M - a book of Conjurations

   Spells                             Type                      Level
   Magic Dart                         Conjuration                  1
   Searing Ray                        Conjuration                  2
   Dazzling Spray                     Conjuration/Hexes            3
   Iskenderun's Mystic Blast          Conjuration                  4
   Iskenderun's Battlesphere          Conjuration/Charms           4
   Fulminant Prism                    Conjuration/Hexes            5


   Skills:
 - Level 10.0(15.0) Fighting
 - Level 11.0(16.0) Axes
 + Level 9.6(14.6) Armour
   Level 3.6(8.6) Shields
 - Level 2.0 Invocations


You had 8 spell levels left.
You didn't know any spells.

Dungeon Overview and Level Annotations

Branches:
Dungeon (8/16)             Temple (1/1) D:6
   Lair: D:8-11

Altars:
Cheibriados
Elyvilon
Fedhas
Kikubaaqudgha
Makhleb
Nemelex Xobeh
Okawaru
Sif Muna
Trog
Vehumet
Xom
Yredelemnul
the Shining One


Innate Abilities, Weirdness & Mutations

You reflexively headbutt those who attack you in melee.
You have a pair of horns on your head.


Message History

Your plate armour prevents you from hitting the killer bee.
The killer bee is moderately wounded.
The killer bee stings you but does no damage.
The killer bee stings you.
* * * LOW HITPOINT WARNING * * *
The killer bee stings you.
* * * LOW HITPOINT WARNING * * *
You miss the killer bee.
The killer bee is moderately wounded.
You hit the killer bee.
The killer bee is almost dead.
The killer bee stings you but does no damage.
The killer bee barely misses you.
The killer bee stings you but does no damage.
You miss the killer bee. You headbutt the killer bee!
The killer bee is almost dead.
You miss the killer bee.
The killer bee is almost dead.
The killer bee stings you.
You die...

### ########## ######### .###..
##...#..#.#####.##.#.#.
..#...###....##....#...#....#..
#.#.#....#.........#.#.#.#......
###..........[.............##....
.#..........(...............#.#..
##.............k.............#...
................@%...............
...............k%................
.................................
.................................
.......................§§........
......................S≈≈........
...............%.....≈§ §≈.......
.............S......≈§ §§......
.........§..§≈S...... ......>


You could see 2 killer bees and 2 lava snakes.

Vanquished Creatures
  The ghost of Econoterrorist the Grappler, an experienced TrMo (D:6)
  A queen bee (D:8)
  2 ice beasts
  A sky beast (D:5)
  A yellow wasp (D:6)
  3 orc warriors (D:7)
  A phantom (D:4)
  An ogre (D:8)
  2 centaurs
  2 giant frogs
  13 killer bees
  2 crimson imps
  Crazy Yiuf (D:7)
  2 hounds
  4 worker ants
  5 orc priests
  8 orc wizards
  A quasit (D:6)
  2 iguanas
  10 scorpions
  Ijyb (D:3)
  Terence (D:3)
  A worker ant zombie (D:6)
  5 adders
  7 giant mites
  3 worms
  An adder zombie (D:5)
  A giant centipede zombie (D:6)
  2 adder skeletons (D:4)
  An iguana skeleton (D:3)
  4 giant geckos
  An ooze (D:3)
  31 orcs
  A ball python (D:6)
  19 bats
  4 giant cockroaches
  6 hobgoblins
  2 quokkas
  4 giant newts
  5 goblins
  A hobgoblin zombie (D:7)
  2 jackals (D:6)
  A jackal skeleton (D:6)
  5 kobolds
  18 rats
  A fungus (D:4)
191 creatures vanquished.

Vanquished Creatures (others)
  2 fungi (D:4)
2 creatures vanquished.

Grand Total: 193 creatures vanquished

Notes
Turn   | Place    | Note
--------------------------------------------------------------
     0 | D:1      | Jenx, the Minotaur Fighter, began the quest for the Orb.
     0 | D:1      | Reached XP level 1. HP: 19/19 MP: 1/1
   191 | D:1      | Reached XP level 2. HP: 23/26 MP: 1/1
   604 | D:2      | Reached skill level 4 in Axes
   879 | D:2      | Reached XP level 3. HP: 31/31 MP: 2/2
   958 | D:2      | Found a deep blue altar of Sif Muna.
  1113 | D:3      | Reached skill level 5 in Axes
  1325 | D:3      | Noticed Terence
  1337 | D:3      | Killed Terence
  1337 | D:3      | Reached XP level 4. HP: 31/39 MP: 2/2
  1540 | D:3      | Reached skill level 6 in Axes
  1583 | D:3      | Noticed Ijyb
  1605 | D:3      | Killed Ijyb
  1605 | D:3      | Reached XP level 5. HP: 36/45 MP: 2/2
  1802 | D:3      | Reached skill level 7 in Axes
  2214 | D:4      | Reached XP level 6. HP: 45/51 MP: 3/3
  2224 | D:4      | Reached skill level 8 in Axes
  2572 | D:4      | Reached skill level 9 in Axes
  2719 | D:4      | Noticed a phantom
  2746 | D:4      | Reached XP level 7. HP: 24/57 MP: 3/3
  2767 | D:4      | Killed a phantom
  2970 | D:4      | Reached skill level 10 in Axes
  3413 | D:5      | Entered Level 5 of the Dungeon
  3527 | D:5      | Reached skill level 11 in Axes
  3844 | D:5      | Reached XP level 8. HP: 63/66 MP: 3/3
  4301 | D:6      | Noticed Econoterrorist's ghost (experienced TrMo)
  4334 | D:6      | Found a staircase to the Ecumenical Temple.
  4390 | Temple   | Entered the Ecumenical Temple
  4641 | Temple   | Became a worshipper of Warmaster Okawaru
  4738 | D:7      | Reached skill level 5 in Fighting
  5256 | D:6      | Killed Econoterrorist's ghost
  5256 | D:6      | Acquired Okawaru's first power
  5256 | D:6      | Reached XP level 9. HP: 22/85 MP: 4/4
  5446 | D:6      | Reached skill level 10 in Fighting
  5537 | D:7      | Noticed Crazy Yiuf
  5542 | D:7      | Killed Crazy Yiuf
  5576 | D:7      | Reached skill level 1 in Invocations
  5726 | D:7      | Reached skill level 5 in Armour
  6007 | D:7      | HP: 2/85 [killer bee (3)]
  6013 | D:7      | HP: 3/85 [poisoned by a killer bee]
  6024 | D:7      | HP: 4/85 [poisoned by a killer bee]
  6533 | D:7      | HP: 2/85 [killer bee (4)]
  6535 | D:7      | Slain by a killer bee

Action                   |  1- 3 |  4- 6 |  7- 9 || total
-------------------------+-------+-------+-------++-------
Melee: Hand axe          |   101 |   196 |   188 ||   485
       Battleaxe         |       |       |   145 ||   145
Throw: Dart              |       |     8 |     5 ||    13
       Tomahawk          |       |       |    12 ||    12
Invok: Heroism           |       |       |     3 ||     3
Evoke: Wand              |       |       |     5 ||     5
  Use: Potion            |       |     2 |     6 ||     8
       Scroll            |       |       |     5 ||     5
